 Dungeon Crawl Stone Soup version 0.18.1-48-g4cf74bf (webtiles) character file.

209 Crag the Chopper (level 5, 0/45 HPs)
             Began as a Hill Orc Fighter on July 27, 2016.
             Slain by a worker ant (4 damage)
             ... on level 4 of the Dungeon.
             The game lasted 00:05:58 (1948 turns).

Crag the Chopper (Hill Orc Fighter)                 Turns: 1948, Time: 00:05:59

Health: 0/45       AC:  3    Str: 25    XL:     5   Next: 87%
Magic:  5/5        EV:  8    Int:  8    God:
Gold:   140        SH:  9    Dex: 10    Spells: 0 memorised, 4 levels left

rFire  . . .     SeeInvis .     a - +0 war axe
rCold  . . .     Gourm    .     p - +0 leather armour (curse)
rNeg   . . .     Faith    .     c - +0 shield
rPois  .         Spirit   .     (no helmet)
rElec  .         Dismiss  .     (no cloak)
rCorr  .         Reflect  .     (no gloves)
SustAt .         Harm     .     (no boots)
MR     .....                    m - amulet of regeneration
Stlth  +.........               (no ring)
                                r - ring of flight

@: mighty, drained, not resistant to hostile enchantments, very unstealthy
A: no striking features
a: Evoke Flight


You were on level 4 of the Dungeon.
You were not hungry.

You visited 1 branch of the dungeon, and saw 4 of its levels.

You collected 140 gold pieces.

Inventory:

Hand Weapons
 a - a +0 war axe (weapon)
Armour
 b - a +0 scale mail
 c - a +0 shield (worn)
 p - a cursed +0 leather armour (worn)
Jewellery
 m - an amulet of regeneration (around neck)
 r - a ring of flight (left hand)
Scrolls
 h - a scroll of immolation {unknown}
 j - a scroll of teleportation
 o - a scroll of amnesia {unknown}
 t - a scroll of enchant weapon {unknown}
 u - 2 scrolls of identify
Potions
 e - a potion of brilliance
 i - a potion of heal wounds {unknown}
 l - a potion of ambrosia {unknown}
 n - a potion of cure mutation {unknown}
Comestibles
 f - a bread ration
 g - a beef jerky
 k - a meat ration
 q - a slice of pizza
 s - 3 fruits
 v - 3 chunks of flesh


   Skills:
 - Level 3.6(3.3) Fighting
 + Level 7.8(7.5) Axes
 - Level 3.2(3.0) Armour
 - Level 3.2(3.0) Shields


You had 4 spell levels left.
You didn't know any spells.

Dungeon Overview and Level Annotations

Branches:
Dungeon (4/15)
 Temple: D:4-7

Altars:
Cheibriados
Ru

Annotations:
D:3 Grinder


Message History

The adder skeleton bites you but does no damage.
The giant frog hits you!
* * * LOW HITPOINT WARNING * * *
An orc comes into view. It is wielding a dagger.
Drink which item? (? for menu, Esc to quit)
You feel very mighty all of a sudden.
The orc shouts!
The worker ant bites you.
* * * LOW HITPOINT WARNING * * *
The adder skeleton closely misses you. The giant frog hits you.
* * * LOW HITPOINT WARNING * * *
A dart slug comes into view.
You slash the giant frog!
The giant frog is almost dead.
You hit the worker ant.
The worker ant is heavily wounded.
You hit the adder skeleton.
You destroy the adder skeleton!
You block the giant frog's attack. The worker ant bites you.
You die...

#.###..#..#.#
#...##...##.# #
#..#.### .####
####...####.....
......)..........
######....######
#....#
#.#(.#######.
#..#..@F...._.
#..##..a.......
#..# #..{.......
..# #..........
#..........
#.......?..
.....##.o..
#####.# w..#


You could see a giant frog, a worker ant, a dart slug and an orc.

Vanquished Creatures
  The ghost of tschems the Caller, an amateur HuSu (D:3)
  A worker ant (D:4)
  4 adders (D:2)
  2 oozes (D:1)
  An adder skeleton (D:4)
  2 dart slugs (D:1)
  3 giant geckos (D:1)
  3 orcs (D:4)
  3 giant cockroaches
  8 goblins
  5 hobgoblins
  2 jackals (D:1)
  5 kobolds
  A ball python (D:2)
  3 bats
  A giant gecko skeleton (D:4)
  9 giant newts (D:1)
  4 rats
58 creatures vanquished.

Notes
Turn   | Place    | Note
--------------------------------------------------------------
     0 | D:1      | Crag the Hill Orc Fighter began the quest for the Orb.
     0 | D:1      | Reached XP level 1. HP: 19/19 MP: 1/1
    34 | D:1      | Reached skill level 3 in Axes
    40 | D:1      | Reached XP level 2. HP: 24/26 MP: 2/2
    91 | D:1      | Reached skill level 4 in Axes
   196 | D:1      | Reached XP level 3. HP: 30/31 MP: 3/3
   615 | D:1      | Reached skill level 5 in Axes
  1077 | D:2      | Reached XP level 4. HP: 26/39 MP: 4/4
  1202 | D:2      | Found a sacrificial altar of Ru.
  1238 | D:2      | Reached skill level 6 in Axes
  1344 | D:2      | Noticed a centaur
  1536 | D:3      | Noticed Grinder
  1573 | D:3      | Noticed tschems's ghost (amateur HuSu)
  1582 | D:3      | Killed tschems's ghost
  1582 | D:3      | Reached skill level 7 in Axes
  1582 | D:3      | Reached XP level 5. HP: 24/45 MP: 5/5
  1624 | D:3      | Found a faded altar to an unknown god.
  1746 | D:3      | Paralysed by Grinder for 5 turns
  1938 | D:4      | Found a snail-covered altar of Cheibriados.
  1948 | D:4      | Slain by a worker ant

Skill      XL: |  1  2  3  4 |
---------------+-------------+-----
Axes           | 3 4 5 7 |  7.8
Fighting       | |  3.6
Armour         | |  3.2
Shields        | |  3.2

Action                   |  1- 3 |  4- 6 || total
-------------------------+-------+-------++-------
Melee: War axe           |   116 |    71 ||   187
  Use: Scroll            |     4 |     1 ||     5
       Potion            |       |     1 ||     1
  Eat: Chunk             |     1 |     3 ||     4
Armor: Scale mail        |    36 |       ||    36
       Leather armour    |     8 |     7 ||    15
Dodge: Dodged            |    29 |    22 ||    51
Block: Shield            |    54 |    39 ||    93
